 Dungeon Crawl Stone Soup version 0.18.1-2-ga659475 (webtiles) character file.

73281 imoen the Summoner (level 15, -6/107 (108) HPs)
             Began as a Mummy Summoner on May 8, 2016.
             Was the Champion of Sif Muna.
             Mangled by a redback (9 damage)
             ... on level 3 of the Spider Nest on May 9, 2016.
             The game lasted 05:43:38 (55564 turns).

imoen the Summoner (Mummy Summoner)                Turns: 55564, Time: 05:43:38

HP:   -6/107 (108)  AC: 29    Str: 16    XL:     15   Next: 3%
MP:   0/39          EV: 11    Int: 21    God:    Sif Muna [******]
Gold: 251           SH:  0    Dex: 27    Spells: 8 memorised, 0 levels left

rFire  x . .     SeeInvis .     b - +4 flail (protect)
rCold  + . .     Gourm    .     H - +7 scale mail "Gaihyn" {MP+9 Str+5}
rNeg   + + +     Faith    .     (no shield)
rPois  ∞         Spirit   +     A - +0 helmet "Riucost" {Dex+8 Stlth-}
rElec  .         Dismiss  .     o - +0 cloak {+Inv}
rCorr  .         Reflect  .     z - +2 pair of gloves
SustAt +         Harm     .     O - +1 pair of boots
MR     .....                    X - amulet of guardian spirit
Stlth  ..........               e - +6 ring of dexterity
                                l - ring of sustain attributes

@: vulnerable, very slightly contaminated, repel missiles, not resistant to
hostile enchantments, extremely unstealthy
A: no food or potions, fire vulnerability, cold resistance 1, negative energy
resistance 3, torment resistance, unbreathing, in touch with death 1, restore
body
a: Self-Restoration, Channel Energy, Forget Spell, Renounce Religion, Evoke
Invisibility


You were on level 3 of the Spider Nest.
You worshipped Sif Muna.
Sif Muna was exalted by your worship.
You were not hungry.

You visited 4 branches of the dungeon, and saw 29 of its levels.
You visited the Abyss 1 time.
You also visited: Sewer and Volcano.

You collected 1825 gold pieces.
You spent 1574 gold pieces at shops.

Inventory:

Hand Weapons
 b - a +4 flail of protection (weapon)
   (You took it off an orc on level 5 of the Dungeon)
 C - a +0 blowgun
   (You found it on level 1 of the Lair of Beasts)
 G - the +6 dagger "Goblinbane" {venom, +Inv Dex+4}
   (You found it on level 7 of the Dungeon)

   It poisons the flesh of those it strikes.
   It affects your dexterity (+4).
   It lets you turn invisible.
Missiles
 d - 8 curare-tipped needles
 f - 6 throwing nets
 u - 71 tomahawks (quivered)
 P - 4 tomahawks of returning
Armour
 j - a +0 fire dragon armour
   (You found it in a volcano)
 o - a +0 cloak of invisibility (worn)
   (You bought it in a shop on level 2 of the Orcish Mines)
 x - a +2 robe of fire resistance
   (You found it in a volcano)
 z - a +2 pair of gloves (worn)
   (You found it on level 6 of the Dungeon)
 A - the +0 helmet "Riucost" (worn) {Dex+8 Stlth-}
   (You bought it in a shop on level 6 of the Dungeon)

   It affects your dexterity (+8).
   It makes you less stealthy.
 D - a +2 cloak
   (You found it on level 7 of the Dungeon)
 E - the +1 ring mail of Poerhib {+Inv Str+2 Dex+4}
   (You bought it in a shop on level 2 of the Orcish Mines)

   It affects your strength (+2).
   It affects your dexterity (+4).
   It lets you turn invisible.
 F - the +0 leather armour of the Flute {rElec}
   (You took it off Duvessa on level 7 of the Dungeon)

   It insulates you from electricity.
 H - the +7 scale mail "Gaihyn" (worn) {MP+9 Str+5}
   (You bought it in a shop on level 6 of the Dungeon)

   It affects your strength (+5).
   It affects your magic capacity (+9).
 J - a +2 robe of the Archmagi
   (You found it on level 2 of the Lair of Beasts)
 O - a +1 pair of boots (worn)
   (You found it on level 3 of the Lair of Beasts)
Magical Staves
 r - an uncursed staff of fire
   (You found it on level 10 of the Dungeon)
 N - an uncursed staff of death
   (You found it on level 10 of the Dungeon)
 U - an uncursed staff of air
   (You found it on level 5 of the Lair of Beasts)
 Y - an uncursed staff of power
   (You found it on level 8 of the Lair of Beasts)
Jewellery
 e - a +6 ring of dexterity (right hand)
   (You found it on level 4 of the Dungeon)
 l - a ring of sustain attributes (left hand)
   (You found it on level 2 of the Dungeon)
 W - an uncursed ring of ice
   (You found it on level 7 of the Lair of Beasts)
 X - an amulet of guardian spirit (around neck)
   (You found it on level 8 of the Lair of Beasts)
Wands
 c - a wand of polymorph (10/24)
   (You found it on level 12 of the Dungeon)
 h - a wand of disintegration (5/24)
   (You found it on level 4 of the Lair of Beasts)
 q - a wand of teleportation (1/9)
   (You bought it in a shop on level 2 of the Orcish Mines)
 v - a wand of iceblast (7/15)
   (You found it on level 5 of the Dungeon)
 w - a wand of confusion (13/48)
   (You found it on level 5 of the Dungeon)
 y - a wand of acid (0/15)
   (You found it on level 10 of the Dungeon)
 K - a wand of confusion (36/48)
   (You found it on level 11 of the Dungeon)
 L - a wand of digging (7/24)
   (You found it on level 7 of the Lair of Beasts)
 R - a wand of enslavement (3/24)
   (You found it on level 4 of the Lair of Beasts)
 S - a wand of paralysis (12/24)
   (You found it on level 3 of the Spider Nest)
 T - a wand of paralysis (0/24)
   (You found it on level 5 of the Lair of Beasts)
Scrolls
 g - 8 scrolls of amnesia
 i - 14 scrolls of remove curse
 m - 2 scrolls of identify
 n - a scroll of enchant weapon
 p - a scroll of vulnerability
 s - a scroll of silence
 t - 5 scrolls of magic mapping
 B - 3 scrolls of immolation
 I - a scroll of brand weapon
Books
 k - a book of Geomancy
   (You found it on level 3 of the Abyss)
 M - Ixuvupn's Disquisition on Lucky Transmutation
   (Sif Muna gifted it to you on level 3 of the Lair of Beasts)

   Spells                             Type                      Level
   a - Repel Missiles                 Charms/Air                   2
   b - Swiftness                      Charms/Air                   2
   c - Song of Slaying                Charms                       2
   d - Ignite Poison                  Fire/Transmutation/Poison    3
   e - Haste                          Charms                       6
   f - Deflect Missiles               Charms/Air                   6
 Q - Sif Muna's Grimoire of Displaced Companions
   (Sif Muna gifted it to you on level 13 of the Dungeon)

   Spells                             Type                      Level
   a - Shroud of Golubria             Charms/Translocation         2
   b - Passage of Golubria            Translocation                4
   c - Monstrous Menagerie            Summoning                    7
   d - Summon Greater Demon           Summoning                    7
   e - Dragon's Call                  Summoning                    9
Miscellaneous
 Z - a sack of spiders {used: 3}
   (You found it on level 15 of the Dungeon)


   Skills:
 - Level 7.0 Fighting
 - Level 8.8 Armour
 - Level 1.5 Dodging
 - Level 1.5 Stealth
 - Level 11.3 Spellcasting
 + Level 1.2 Charms
 - Level 13.7 Summonings
 - Level 5.0 Ice Magic
 - Level 6.1 Air Magic
 - Level 8.2 Invocations


You couldn't memorise any spells.
You knew the following spells:

 Your Spells              Type           Power        Failure   Level  Hunger
a - Aura of Abjuration    Summ           ######....   1%          5    N/A
b - Summon Lightning Spi  Summ/Air       ######..     3%          4    N/A
c - Summon Demon          Summ           ######....   1%          5    N/A
d - Call Canine Familiar  Summ           ######..     1%          3    N/A
e - Shadow Creatures      Summ           N/A          12%         6    N/A
f - Summon Ice Beast      Ice/Summ       ######..     4%          4    N/A
g - Monstrous Menagerie   Summ           ######....   54%         7    N/A
x - Repel Missiles        Chrm/Air       ####..       6%          2    N/A

Dungeon Overview and Level Annotations

Branches:
Dungeon (15/15)            Temple (0/1) D:7            Lair (8/8) D:10
 Shoals (0/4) Lair:5       Spider (4/4) Lair:3        Slime (0/6) Lair:7
    Orc (2/2) D:9             Elf (0/3) Orc:2        Vaults (0/5) D:13
 Depths (0/5) D:15

Altars:
Dithmenos
Elyvilon
Fedhas
Gozag
Kikubaaqudgha
Makhleb
Nemelex Xobeh
Okawaru
Qazlal
Ru
Sif Muna
Trog
Vehumet
Xom
Zin
The Shining One
Beogh

Shops:
D:6 [(   D:7 [   Orc:2 [*[:

Annotations:
D:3 execc's ghost, amateur VSTm
D:5 1 exclusion, Grinder
Lair:3 runed door, mebbe fire dragon
Lair:4 exclusion: downstairs
Spider:4 Anouleth's ghost, adept MiBe


Innate Abilities, Weirdness & Mutations

You do not eat or drink.
Your flesh is vulnerable to fire.
You are immune to poison.
Your flesh is cold resistant.
You are immune to negative energy.
You are immune to unholy pain and torment.
You can survive without breathing.
You are in touch with the powers of death.
You can restore your body by infusing magical energy.


Message History

You regained 4 mp, and now have 11/39 mp.
You miscast Shadow Creatures.
Sif Muna protects you from the effects of your miscast!
You now have 6/39 mp.
Unknown command.
Unknown command.
Unknown command.
What do you say? t - Shout!
Orders for allies: a - Attack new target. r - Retreat! s - Stop attacking. w - Wait here. f - Follow me.
Anything else - Stay silent.
Retreat in which direction?
Fall back!
A hornet comes into view.
The hornet buzzes angrily.
Aim: a hornet (chance to defeat MR: 28%)
Okay, then.
Wisps of shadow whirl around you...
You now have 1/39 mp.
Here: a hornet The floor.
Your redback bites the hornet!
The hornet barely misses your redback.
Unknown command.
You channel some magical energy.
Your redback barely misses the hornet.
The hornet stings your redback!
Your redback is poisoned.
Your redback seems to slow down.
Your redback misses the hornet.
You regained 2 mp, and now have 3/39 mp.
You channel some magical energy.
The hornet stings your redback!
Your redback dies!
Your redback's corpse dissolves into shadows!
You regained 3 mp, and now have 6/39 mp.
Wisps of shadow whirl around you...
Your redback barely misses the hornet.
The hornet barely misses your redback.
Your redback completely misses the hornet.
You now have 0/39 mp.
Unknown command.
What do you say? t - Shout!
Orders for allies: a - Attack new target. r - Retreat! s - Stop attacking. w - Wait here. f - Follow me.
Anything else - Stay silent.
Gang up on whom?
Aim: a hornet (lightly wounded) Attack!
The hornet misses your redback.
Your redback bites the hornet!
Your jumping spider pounces on the hornet but does no damage.
Your jumping spider bites the hornet but does no damage.
The hornet stings your redback!!
Your redback is poisoned.
You channel some magical energy.
Your redback misses the hornet.
Your jumping spider pounces on the hornet!
Your jumping spider barely misses the hornet.
The hornet stings your redback!
Your redback dies!
Your redback's corpse dissolves into shadows!
Your jumping spider pounces on the hornet!
Your jumping spider bites the hornet.
You regained 3 mp, and now have 3/39 mp.
Aim: a hornet (almost dead)
The bolt of acid hits the hornet.
Evoking this partially-identified wand wasted a few charges.
Your jumping spider misses the hornet.
Your jumping spider bites the hornet but does no damage.
The hornet stings you but does no damage.
Aim: a hornet (almost dead)
The bolt of acid hits the hornet.
The acid corrodes the hornet!
You kill the hornet!
Evoking this partially-identified wand wasted a few charges.
A basket of spiders falls from above! 7 redbacks come into view.
Your jumping spider pounces on the redback.
Your jumping spider bites the redback but does no damage.
Your orb spider bites the redback but does no damage.
Your jumping spider pounces on the redback.
Your jumping spider bites the redback.
You are undead.
You are very lightly contaminated with residual magic.
You repel missiles.
Your movement speed is average.
Your attack speed is quite slow.
Your base attributes are Str 11, Int 21, Dex 13.
You are not resistant to hostile enchantments.
You are extremely unstealthy.
Okay, then.
Read which item? (? for menu, Esc to quit)
Okay, then.
Okay, then.
Unknown command.
Okay, then.
You thump the redback! The redback closely misses you. The redback bites you.
* * * LOW HITPOINT WARNING * * *
The redback bites you.
* * * LOW HITPOINT WARNING * * *
The redback bites you.
* * * LOW HITPOINT WARNING * * *
The redback bites you but does no damage. x4
The redback bites you!
You die...

#...#...#.#
#..#.#.#..###
#.†#.^....#.##
!##†.....##..##
####...#...../## .#
##....<....s##
###.........†...###
#
..#.#..##....sss##
.....#^.......s@s.#
..............sss.#
...##....#...s.^.#
^ ..#......#####
.......##.# ....≈..
#.# .... ... ≈. .#


You could see 7 redbacks, 2 friendly orb spiders and a friendly jumping spider.

Vanquished Creatures
  A hornet (Spider:3)
  A troll (Orc:2)
  A yak (Lair:8)
  Duvessa (D:7)
  2 water moccasins
  A porcupine (Lair:1)
  A sky beast (D:8)
  An ogre (D:7)
  A phantom (D:8)
  A centaur (D:10)
  2 giant frogs
  A wyvern skeleton (D:8)
  A killer bee (D:13)
  A howler monkey (D:6)
  A giant frog zombie (D:9)
  A centaur zombie (D:6)
  A jelly (D:7)
  2 hounds
  An orc priest (D:9)
  A centaur skeleton (D:6)
  An orc wizard (D:5)
  3 worker ants
  A howler monkey zombie (D:5)
  2 gnolls (D:7)
  6 adders
  A shadow imp (D:6)
  An adder skeleton (D:9)
  A worm (Sewer)
  3 giant geckos
  7 orcs
  3 giant cockroaches
  4 goblins
  3 hobgoblins
  6 jackals
  2 kobolds
  A quokka (D:5)
  6 bats
  A giant gecko skeleton (D:6)
  4 giant newts
  10 rats
  A plant (Lair:8)
90 creatures vanquished.

Vanquished Creatures (collateral kills)
  Rupert (Lair:5)
  Frances (D:13)
  An orc warlord (Orc:2)
  A stone giant (Orc:2)
  5 dire elephants (Lair:8)
  2 spark wasps
  2 fire dragons (D:15)
  An ogre mage (D:15)
  A yaktaur captain (D:13)
  Harold (D:10)
  An entropy weaver (Lair:3)
  6 hydras
  Fannar (D:11)
  A catoblepas (D:14)
  An anaconda (Lair:8)
  6 centaur warriors
  A tengu warrior (D:14)
  A queen ant (shapeshifter) (D:15)
  A thrashing horror (Abyss:3)
  5 orc high priests (Orc:2)
  8 death yaks
  3 skeletal warriors (D:15)
  2 unseen horrors
  8 hill giants
  An orb spider (Spider:3)
  4 orc knights (Orc:2)
  2 griffons
  9 wolf spiders
  22 ugly things
  3 deep elf magi
  4 orc sorcerers (Orc:2)
  4 cyclopes
  2 large abominations
  A hornet (Spider:3)
  2 manticores
  2 slime creatures (D:12)
  8 elephants
  2 worldbinders
  5 centaur zombies
  A siren (Lair:5)
  2 sixfirhies
  10 black mambas
  Joseph (D:10)
  3 torpor snails
  5 gargoyles
  2 kobold demonologists
  15 spiny frogs
  A freezing wraith (D:15)
  5 rime drakes
  2 yaktaurs (D:13)
  8 komodo dragons
  11 trolls
  A polar bear (Lair:4)
  4 demonic crawlers
  7 jumping spiders
  2 tengu conjurers
  11 two-headed ogres
  Prince Ribbit (D:8)
  3 raiju (Abyss:2)
  A boulder beetle (Lair:5)
  A flying skull (Abyss:2)
  38 blink frogs
  2 shadows
  2 wraiths
  A centaur simulacrum (D:15)
  7 tarantellas
  2 wyverns (D:11)
  14 redbacks
  A fire dragon skeleton (Abyss:2)
  A ynoxinul (Abyss:2)
  A basilisk (D:14)
  4 vampires
  A hippogriff (shapeshifter) (D:13)
  15 hippogriffs
  18 vampire mosquitoes
  47 yaks
  A mottled dragon (D:12)
  2 hungry ghosts
  4 wargs
  2 insubstantial wisps (Lair:5)
  Menkaure (D:4)
  2 soldier ants (D:11)
  25 water moccasins
  A hornet simulacrum (D:15)
  9 porcupines
  6 sky beasts
  50 orc warriors
  2 wasps
  A black bear (Lair:2)
  2 ice beasts
  3 phantoms
  6 small abominations
  14 ogres
  16 wolves
  15 crocodiles
  14 centaurs
  2 big kobolds
  24 giant frogs
  Dowan (D:7)
  8 killer bees
  18 wights
  7 howler monkeys
  6 crimson imps
  3 quasits
  4 giant frog zombies
  33 orc priests
  3 jellies
  A gnoll shaman (D:4)
  6 hounds
  7 centaur skeletons
  An iron imp (Abyss:2)
  3 giant frog skeletons
  10 iguanas
  20 orc wizards
  6 worker ants
  16 sheep
  A hound skeleton (D:8)
  2 worker ant zombies
  6 gnolls
  53 river rats
  9 adders
  A shadow imp (D:12)
  A white imp (Abyss:2)
  An ufetubus (Abyss:2)
  An ooze (D:2)
  An adder skeleton (D:4)
  An adder zombie (D:7)
  7 worms
  A dart slug (D:1)
  6 giant geckos
  132 orcs
  15 bats
  A giant cockroach (D:1)
  2 hobgoblins
  5 jackals
  A quokka (D:11)
  A ball python (D:2)
  A giant gecko skeleton (D:4)
  5 giant newts
  12 goblins
  A jackal zombie (D:6)
  14 kobolds
  A quokka skeleton (D:5)
  12 rats
  5 fungi
  10 plants
  A starspawn tentacle (Abyss:2)
  A starspawn tentacle segment (Abyss:2)
1049 creatures vanquished.

Vanquished Creatures (others)
  A two-headed ogre (D:11)
  2 small abominations (Abyss:3)
  3 golden eyes (Abyss:3)
  An orc warrior (Orc:2)
  A wolf (Lair:1)
  A hound (D:14)
  A starcursed mass (Abyss:2)
  An orc (Orc:2)
  A bush (Lair:6)
  29 fungi
  A lurking horror (Abyss:3)
  17 plants
  14 starspawn tentacles
  393 starspawn tentacle segments
466 creatures vanquished.

Grand Total: 1605 creatures vanquished

Notes
Turn   | Place    | Note
--------------------------------------------------------------
     0 | D:1      | imoen the Mummy Summoner began the quest for the Orb.
     0 | D:1      | Reached XP level 1. HP: 13/13 MP: 3/3
   771 | D:1      | Reached XP level 2. HP: 18/19 MP: 1/5
  1544 | D:2      | Found a shadowy altar of Dithmenos.
  1565 | D:2      | Reached skill level 3 in Spellcasting
  1812 | D:2      | Reached XP level 3. HP: 24/24 MP: 2/7
  2183 | D:2      | Learned a level 3 spell: Call Canine Familiar
  2385 | D:2      | Reached skill level 4 in Summonings
  2525 | D:2      | Reached XP level 4. HP: 30/30 MP: 1/8
  3993 | D:3      | Noticed execc's ghost (amateur VSTm)
  3993 | D:3      | Learned a level 2 spell: Call Imp
  4218 | D:3      | Found a stormy altar of Qazlal.
  4400 | D:4      | Found a bloodstained altar of Trog.
  4403 | D:4      | Found a white marble altar of Elyvilon.
  4404 | D:4      | Found an iron altar of Okawaru.
  4405 | D:4      | Found a sacrificial altar of Ru.
  4405 | D:4      | Found a sparkling altar of Nemelex Xobeh.
  4613 | D:4      | Found a glowing drain.
  4631 | Sewer    | Entered a sewer
  4754 | Sewer    | Reached XP level 5. HP: 35/35 MP: 9/9
  5452 | D:3      | Reached skill level 5 in Summonings
  5525 | D:4      | Noticed an ogre
  5538 | D:4      | Killed an ogre
  5781 | D:4      | Noticed Menkaure
  5797 | D:4      | Killed Menkaure
  5797 | D:4      | Reached XP level 6. HP: 41/41 MP: 1/10
  5934 | D:4      | Learned a level 4 spell: Summon Lightning Spire
  6105 | D:5      | Entered Level 5 of the Dungeon
  6215 | D:5      | Found an iron altar of Okawaru.
  6246 | D:5      | Found a blossoming altar of Fedhas.
  6374 | D:5      | Found an opulent altar of Gozag.
  6379 | D:5      | Found a glowing golden altar of the Shining One.
  6390 | D:5      | Reached skill level 6 in Summonings
  6797 | D:5      | Reached skill level 1 in Air Magic
  7043 | D:5      | Found a deep blue altar of Sif Muna.
  7052 | D:5      | Became a worshipper of Sif Muna the Loreminder
  7230 | D:5      | Noticed Grinder
  7521 | D:6      | Found a glowing silver altar of Zin.
  7609 | D:6      | Found Aniovvy's Armour Shoppe.
  7790 | D:6      | Reached XP level 7. HP: 46/46 MP: 1/11
  7899 | D:6      | Found a shimmering altar of Xom.
  7906 | D:6      | Found Ecru's Antique Weapon Shoppe.
  7915 | D:6      | Reached skill level 2 in Air Magic
  7951 | D:6      | Bought the cursed +0 helmet "Riucost" {Dex+8 Stlth-} for 262 gold pieces
  8099 | D:7      | Noticed a hippogriff
  8115 | D:6      | HP: 10/46 [ogre/giant club (18)]
  8587 | D:6      | Reached skill level 3 in Air Magic
  9114 | D:6      | Found Aniovvy's Armour Shoppe.
  9231 | D:6      | Found a shimmering altar of Xom.
  9239 | D:6      | Found Ecru's Antique Weapon Shoppe.
  9359 | D:6      | Found a glowing silver altar of Zin.
  9855 | D:7      | Reached skill level 4 in Air Magic
  9952 | D:7      | Noticed Duvessa
  9952 | D:7      | Noticed Dowan
 10017 | D:7      | Killed a hippogriff
 10017 | D:7      | Reached * piety under Sif Muna
 10251 | D:7      | Reached skill level 5 in Air Magic
 10251 | D:7      | Reached XP level 8. HP: 46/52 MP: 7/12
 10309 | D:7      | Found Tiyf's Armour Boutique.
 10409 | D:7      | Found an ancient bone altar of Kikubaaqudgha.
 10676 | D:7      | Killed Duvessa
 10676 | D:7      | Reached skill level 6 in Air Magic
 10682 | D:7      | Got an ichor-stained leather armour
 10787 | D:7      | Reached ** piety under Sif Muna
 10856 | D:7      | Found a staircase to the Ecumenical Temple.
 10931 | D:7      | Found a radiant altar of Vehumet.
 10954 | D:7      | Got a scorched dagger
 11038 | D:7      | Reached skill level 7 in Summonings
 11309 | D:8      | Noticed Prince Ribbit
 11850 | D:8      | Killed Prince Ribbit
 12009 | D:8      | Reached skill level 8 in Summonings
 12009 | D:8      | Reached XP level 9. HP: 45/57 MP: 8/13
 12609 | D:9      | Found a staircase to the Orcish Mines.
 12693 | D:9      | Reached skill level 1 in Invocations
 12899 | D:9      | Found a burning altar of Makhleb.
 12926 | D:9      | Reached skill level 2 in Invocations
 13191 | D:9      | Reached skill level 3 in Invocations
 13246 | D:9      | Noticed a troll
 13377 | D:9      | HP: 14/57 [troll (9)]
 13983 | D:10     | Entered Level 10 of the Dungeon
 13983 | D:10     | Noticed Harold
 14055 | D:9      | Killed a troll
 14055 | D:9      | Reached skill level 4 in Invocations
 14151 | D:10     | Noticed a hill giant
 14296 | D:9      | Killed a hill giant
 14296 | D:9      | Reached skill level 5 in Invocations
 14443 | D:10     | Killed Harold
 14443 | D:10     | Reached skill level 6 in Invocations
 14555 | D:10     | Noticed a hill giant
 14564 | D:10     | Killed a hill giant
 14667 | D:10     | Noticed Joseph
 14683 | D:10     | Killed Joseph
 14683 | D:10     | Reached skill level 7 in Invocations
 14692 | D:10     | Learned a level 4 spell: Summon Ice Beast
 14752 | D:9      | Reached XP level 10. HP: 53/63 MP: 4/15
 14907 | D:10     | Found a staircase to the Lair.
 14917 | D:10     | Reached *** piety under Sif Muna
 15069 | D:10     | Identified the cursed +0 leather armour of the Flute {rElec} (You took it off Duvessa on level 7 of the Dungeon)
 15110 | D:10     | Identified the +6 dagger "Goblinbane" {venom, +Inv Dex+4} (You found it on level 7 of the Dungeon)
 15116 | D:10     | Reached skill level 1 in Ice Magic
 15184 | D:10     | Noticed a gargoyle
 15198 | D:10     | Killed a gargoyle
 15671 | D:10     | Reached skill level 2 in Ice Magic
 16864 | Lair:1   | Entered Level 1 of the Lair of Beasts
 16864 | Lair:1   | Noticed a black mamba
 16979 | Lair:1   | HP: 15/63 [black mamba (17)]
 16981 | Lair:1   | Killed a black mamba
 16995 | Lair:1   | HP: 11/63 [wolf (6)]
 16996 | Lair:1   | Reached skill level 3 in Ice Magic
 17043 | Lair:1   | HP: 14/63 [wolf (3)]
 17694 | Lair:1   | Reached skill level 9 in Summonings
 17757 | Lair:1   | Reached **** piety under Sif Muna
 18123 | Lair:1   | Reached skill level 4 in Ice Magic
 18838 | Lair:1   | Noticed a spiny frog
 18849 | Lair:1   | Killed a spiny frog
 19232 | Lair:2   | Reached ***** piety under Sif Muna
 19448 | Lair:2   | Reached skill level 5 in Ice Magic
 19615 | Lair:2   | Noticed a spiny frog
 19624 | Lair:2   | Killed a spiny frog
 19823 | Lair:2   | Noticed a black mamba
 19826 | Lair:2   | Killed a black mamba
 19842 | Lair:2   | Reached XP level 11. HP: 60/68 MP: 6/16
 19845 | Lair:2   | Reached skill level 4 in Spellcasting
 20496 | Lair:3   | Found a hole to the Spider Nest.
 20496 | Lair:3   | Noticed a wolf spider
 20506 | Lair:3   | Killed a wolf spider
 21060 | Lair:3   | Found a runed door.
 21797 | Lair:4   | Reached skill level 10 in Summonings
 21875 | Lair:3   | Learned a level 5 spell: Summon Demon
 21884 | Lair:3   | Noticed a six-headed hydra
 21898 | Lair:3   | Killed a six-headed hydra
 21898 | Lair:3   | Reached skill level 5 in Spellcasting
 22652 | Lair:4   | Reached skill level 6 in Spellcasting
 23500 | Lair:5   | Reached ****** piety under Sif Muna
 23509 | Lair:5   | Learned a level 5 spell: Aura of Abjuration
 23572 | Lair:5   | Found a staircase to the Shoals.
 23621 | Lair:5   | Received a gift from Sif Muna
 23713 | Lair:5   | Noticed a death yak
 23713 | Lair:5   | Noticed a death yak
 23714 | Lair:5   | Noticed a death yak
 23715 | Lair:5   | Noticed a death yak
 23717 | Lair:5   | Noticed a death yak
 23721 | Lair:5   | Killed a death yak
 23728 | Lair:5   | Killed a death yak
 23728 | Lair:5   | Reached skill level 7 in Spellcasting
 23764 | Lair:5   | Noticed a griffon
 23777 | Lair:5   | Killed a griffon
 23780 | Lair:5   | Noticed Rupert
 23954 | Lair:5   | Reached skill level 8 in Spellcasting
 24169 | Lair:6   | Noticed a four-headed hydra
 24531 | Lair:5   | Paralysed by Rupert for 4 turns
 24661 | Lair:5   | Killed Rupert
 24661 | Lair:5   | Reached skill level 3 in Fighting
 24997 | Lair:5   | Killed a death yak
 24997 | Lair:5   | Reached skill level 4 in Fighting
 25008 | Lair:5   | Killed a death yak
 25239 | Lair:5   | Reached skill level 5 in Fighting
 25311 | Lair:5   | Reached XP level 12. HP: 86/86 MP: 10/24
 25445 | Lair:6   | Killed a four-headed hydra
 25632 | Lair:6   | Reached skill level 6 in Fighting
 25856 | Lair:6   | Noticed a seven-headed hydra
 25880 | Lair:6   | Killed a seven-headed hydra
 26113 | Lair:3   | Reached skill level 7 in Fighting
 26348 | D:6      | Bought the +7 scale mail "Gaihyn" {MP+9 Str+5} for 621 gold pieces
 27832 | Lair:7   | Noticed a death yak
 27835 | Lair:7   | Noticed a death yak
 27839 | Lair:7   | Killed a death yak
 27840 | Lair:7   | Noticed a death yak
 27846 | Lair:7   | Killed a death yak
 27847 | Lair:7   | Killed a death yak
 27850 | Lair:7   | Killed a death yak
 27850 | Lair:7   | Reached skill level 11 in Summonings
 28180 | Lair:7   | Received a gift from Sif Muna
 28240 | Lair:7   | Identified Sif Muna's Papyrus of Conjuration (Sif Muna gifted it to you on level 7 of the Lair of Beasts)
 28399 | Lair:7   | Found a staircase to the Slime Pits.
 29062 | Lair:7   | Reached skill level 12 in Summonings
 29293 | Lair:8   | Entered Level 8 of the Lair of Beasts
 29293 | Lair:8   | Noticed a seven-headed hydra
 29305 | Lair:8   | Killed a seven-headed hydra
 29510 | Lair:8   | Learned a level 6 spell: Shadow Creatures
 29967 | Lair:8   | Found a dark tunnel.
 29973 | Volcano  | Entered a volcano
 30655 | Lair:8   | Gained mutation: You are in touch with the powers of death. [Mummy growth]
 30655 | Lair:8   | Gained mutation: You can restore your body by infusing magical energy. [Mummy growth]
 30655 | Lair:8   | Reached XP level 13. HP: 96/96 MP: 15/25
 31392 | Lair:8   | Reached skill level 1 in Armour
 31536 | Lair:8   | Reached skill level 2 in Armour
 31564 | Lair:8   | Noticed a dire elephant
 31564 | Lair:8   | Noticed a dire elephant
 31578 | Lair:8   | Noticed a dire elephant
 31581 | Lair:8   | Killed a dire elephant
 31596 | Lair:8   | Noticed a dire elephant
 31614 | Lair:8   | Killed a dire elephant
 31699 | Lair:8   | Noticed a dire elephant
 31711 | Lair:8   | Killed a dire elephant
 31711 | Lair:8   | Reached skill level 3 in Armour
 31760 | Lair:8   | Killed a dire elephant
 31766 | Lair:8   | Killed a dire elephant
 32244 | Spider:1 | Entered Level 1 of the Spider Nest
 32252 | Spider:1 | Reached skill level 4 in Armour
 32276 | Spider:1 | HP: 24/96 [redback (12)]
 32723 | D:7      | Killed Dowan
 33419 | D:11     | Noticed Fannar
 33465 | D:11     | Killed Fannar
 33501 | D:11     | Reached skill level 5 in Armour
 35173 | D:11     | Reached skill level 6 in Armour
 35363 | D:11     | Identified a scroll of acquirement
 36305 | D:12     | Found a radiant altar of Vehumet.
 36632 | D:12     | Reached skill level 7 in Armour
 37593 | D:12     | Got a translucent cloak
 37604 | D:12     | Identified the +0 cloak of the Stallion {-Cast +Fly rN++ Int+3} (You found it on level 12 of the Dungeon)
 38291 | D:13     | Found a gate to the Vaults.
 38689 | D:13     | Noticed Frances
 38905 | D:13     | Reached skill level 8 in Armour
 39334 | D:13     | Found a roughly hewn altar of Beogh.
 40403 | D:13     | Found a gate to the Vaults.
 40714 | D:14     | Found a flagged portal.
 42281 | D:14     | Reached XP level 14. HP: 103/103 MP: 21/26
 43271 | D:13     | Reached skill level 9 in Spellcasting
 43585 | D:13     | Killed Frances
 43585 | D:13     | Received a gift from Sif Muna
 43589 | D:13     | Identified Sif Muna's Grimoire of Displaced Companions (Sif Muna gifted it to you on level 13 of the Dungeon)
 43813 | D:15     | Entered Level 15 of the Dungeon
 44421 | D:15     | Reached skill level 13 in Summonings
 46034 | D:15     | Reached skill level 10 in Spellcasting
 46297 | D:15     | Found a staircase to the Depths.
 46572 | Orc:1    | Entered Level 1 of the Orcish Mines
 46572 | Orc:1    | Found a roughly hewn altar of Beogh.
 46749 | Orc:2    | Entered Level 2 of the Orcish Mines
 47527 | Orc:2    | Noticed a stone giant
 47560 | Orc:2    | Killed a stone giant
 48492 | Orc:2    | Found a roughly hewn altar of Beogh.
 48541 | Orc:2    | Found Okkaoc's Book Boutique.
 48550 | Orc:2    | Found Ciha's Antique Armour Shop.
 48910 | Orc:2    | Cast into level 2 of the Abyss (orc knight)
 48933 | Abyss:2  | Got a smoking scale mail
 48953 | Abyss:2  | Noticed a tentacled starspawn
 48967 | Abyss:2  | Noticed a tentacled starspawn
 48983 | Abyss:2  | Noticed a cacodemon
 49158 | Abyss:2  | Got a bloodstained glaive
 49160 | Abyss:2  | Noticed a tentacled starspawn
 49289 | Abyss:2  | Noticed an ancient lich
 49298 | Abyss:2  | Paralysed by accursed screaming for 1 turns
 49308 | Abyss:2  | HP: 14/102 [raiju/living lightning (20)]
 49308 | Abyss:2  | HP: 4/102 [raiju/living lightning (10)]
 49313 | Abyss:2  | Found a corrupted altar of Lugonu.
 49432 | Abyss:2  | Noticed a bone dragon
 49579 | Abyss:2  | Noticed a cacodemon
 50090 | Abyss:3  | Noticed a tentacled starspawn
 50099 | Abyss:3  | Noticed a starcursed mass
 50149 | Abyss:3  | Noticed a hellephant
 50151 | Abyss:3  | HP: 20/102 [hellephant/blast of flame (31)]
 50453 | Abyss:3  | Noticed a tentacled starspawn
 51147 | Abyss:3  | Noticed a tentacled starspawn
 51162 | Abyss:3  | Noticed a starcursed mass
 51164 | Orc:2    | Escaped the Abyss
 51176 | Orc:2    | HP: 19/102 [large abomination (18)]
 51513 | Orc:2    | HP: 23/102 [orc priest/divine providence (9)]
 51567 | Orc:2    | Identified the cursed +2 glaive "ETAOIN SHRDLU" {chop, rC+ Str+4} (You found it on level 2 of the Abyss)
 51814 | Orc:2    | Noticed an orc warlord
 51829 | Orc:2    | Killed an orc warlord
 51854 | Orc:2    | Reached skill level 8 in Invocations
 51867 | Orc:2    | Found a roughly hewn altar of Beogh.
 52172 | Orc:2    | Found Kiukho Weena's Assorted Antiques.
 52184 | Orc:2    | Bought a scroll labeled XAGIMO ULANT for 20 gold pieces
 52184 | Orc:2    | Bought a wand of teleportation for 240 gold pieces
 52344 | Orc:2    | Found Otepsuj's Armour Emporium.
 52603 | Orc:2    | Got an ichor-stained quarterstaff
 52712 | Orc:2    | Found a staircase to the Elven Halls.
 53277 | Orc:2    | Bought a transparent ring mail for 270 gold pieces
 53288 | Orc:2    | Identified the +3 scale mail of Free Will {*Confuse rF+ MR+} (You found it on level 2 of the Abyss)
 53298 | Orc:2    | Identified the cursed +1 ring mail of Poerhib {+Inv Str+2 Dex+4} (You bought it in a shop on level 2 of the Orcish Mines)
 53888 | Orc:2    | Bought a +0 cloak of invisibility for 161 gold pieces
 54432 | Lair:3   | Received a gift from Sif Muna
 54433 | Lair:3   | Identified Ixuvupn's Disquisition on Lucky Transmutation (Sif Muna gifted it to you on level 3 of the Lair of Beasts)
 54557 | Lair:3   | Learned a level 7 spell: Monstrous Menagerie
 54754 | Spider:4 | Entered Level 4 of the Spider Nest
 54754 | Spider:4 | Noticed Anouleth's ghost (adept MiBe)
 54771 | Spider:3 | Reached skill level 11 in Spellcasting
 55217 | Spider:3 | Reached XP level 15. HP: 86/107 MP: 8/30
 55221 | Spider:3 | Learned a level 2 spell: Repel Missiles
 55483 | Spider:3 | Reached skill level 1 in Charms
 55534 | Spider:3 | HP: 20/107 [spark wasp (18)]
 55534 | Spider:3 | HP: 5/107 [spark wasp (15)]
 55538 | Spider:3 | FUKEN ORB SPIDERS
 55538 | Spider:3 | WHY ARE YOU SHOOTING ME YOU DICK
 55538 | Spider:3 | YOURE SUPPOSED TO BE MY ALLY
 55564 | Spider:3 | HP: 11/107 [redback (3)]
 55564 | Spider:3 | HP: 3/107 [redback (4)]
 55564 | Spider:3 | Mangled by a redback

Skill      XL: |  1  2  3  4  5  6  7  8  9 10 11 12 13 14 15 |
---------------+----------------------------------------------+-----
Spellcasting   | 3 8 11 | 11.3
Summonings     | 4 5 6 8 9 10 12 13 | 13.7
Air Magic      | 1 5 6 |  6.1
Invocations    | 7 8 |  8.2
Ice Magic      | 5 |  5.0
Fighting       | 5 7 |  7.0
Armour         | 8 |  8.8
Charms         | 1 |  1.2
Dodging        | |  1.5
Stealth        | |  1.5

Action                   |  1- 3 |  4- 6 |  7- 9 | 10-12 | 13-15 || total
-------------------------+-------+-------+-------+-------+-------++-------
Melee: Dagger            |   113 |   172 |       |       |     3 ||   288
       Unarmed           |    13 |       |       |       |       ||    13
       Flail             |       |     6 |   169 |    19 |    28 ||   222
       Staff             |       |       |       |       |    32 ||    32
Throw: Tomahawk          |       |       |     4 |       |       ||     4
 Cast: Summon Small Mamm |    68 |    10 |     1 |       |       ||    79
       Call Canine Famil |     2 |    53 |    43 |    34 |    38 ||   170
       Call Imp          |       |    36 |    60 |     1 |       ||    97
       Summon Lightning  |       |       |    51 |    26 |     2 ||    79
       Summon Ice Beast  |       |       |     2 |   385 |   247 ||   634
       Summon Demon      |       |       |       |    21 |    35 ||    56
       Aura of Abjuratio |       |       |       |    10 |    15 ||    25
       Shadow Creatures  |       |       |       |     8 |   635 ||   643
       Repel Missiles    |       |       |       |       |     1 ||     1
Invok: Channel Energy    |       |       |    27 |   210 |   639 ||   876
 Abil: Evoke Invisibilit |       |       |       |     2 |     6 ||     8
Evoke: Wand              |       |       |     3 |     5 |    41 ||    49
       Sack of spiders   |       |       |       |       |     3 ||     3
  Use: Scroll            |       |     7 |     1 |    30 |    26 ||    64
 Stab: Sleeping          |     3 |       |       |       |       ||     3
       Distracted        |       |     1 |     9 |       |     3 ||    13
       Betrayed ally     |       |       |     1 |       |       ||     1
       Invisible         |       |       |       |       |     1 ||     1
       Paralysed         |       |       |       |       |     1 ||     1
Armor: Robe              |    31 |    82 |   173 |    72 |       ||   358
       Leather armour    |       |       |       |    81 |       ||    81
       Scale mail        |       |       |       |    15 |   707 ||   722
Dodge: Dodged            |   109 |   150 |   285 |   246 |   533 ||  1323

Vault maps used:
D:1:      sevenhm_arrival_forest_fort_small_5, minmay_misc_feat_columns
D:2:      minmay_kobold_bridge, first_bread, kennysheep_nondescript,
          grunt_dithmenos_smoke
D:3:      grunt_qazlal_sundering
D:4:      grunt_temple_overflow_open, portal_sewer_entry_a, uniq_menkaure
D:5:      led_sif_book, lemuel_crystal_altar, amethyst_overflow_temple_binary,
          okawaru_ov_weapons_minmay, uniq_grinder
D:6:      zin_treasury, serial_shops, nicolae_shop_overgrown_old_shop,
          shop_fountains, xom_teletrap_fun
D:7:      kennysheep_mini, nicolae_overflow_crystal_walls,
          minmay_temple_entry_grid, serial_shops, shop_statue,
          minmay_tree_intersection, uniq_duvessa
D:8:      uniq_prince_ribbit1
D:9:      erik_orc_4, bloody_makhleb
D:10:     grunt_lair_entry_orc_guard_hut, uniq_joseph, uniq_harold
D:11:     grunt_ogre_cave, uniq_fannar
D:12:     wad_arrow_thing, lemuel_tele_altar
D:13:     david_vaults_2, uniq_frances
D:14:     enter_bailey_3
D:15:     grunt_enter_depths_hoard, serial_park_tiny_pond
Lair:1:   portal_ice_cave_entry_pillars_01, beast_lair_carwin_5
Lair:3:   spider_nest_entry_rubble, pf_torpor_hydra
Lair:4:   lab_entry_generic, infiniplex_staircase_pool_2
Lair:5:   minmay_shoals_entry_lonely_mermaid, pond, lemuel_fruit_tree,
          uniq_rupert
Lair:7:   beast_lair_carwin_large_2, dpeg_slime_entry_corner
Lair:8:   due_jungle_book, enter_volcano_4
Spider:1: spiders_nest_a, spider_trap
Spider:2: nicolae_spider_mines_3
Spider:3: spider_trap, nicolae_orb_island
Spider:4: johnstein_spider_rune_arachne_lair, uniq_jorgrun
Orc:1:    basic_altar
Orc:2:    pubby_orc_utopia
Abyss:3:  evilmike_abyss_rune_shrine, evilmike_abyss_exit_mutagenic
Sewer:    sewer_fruit_machine
Volcano:  volcano_overflow

Table legend:
 A = Turns spent in this place as a percentage of turns spent in the entire game.
 B = Non-inter-level travel turns spent in this place as a percentage of non-inter-level travel turns spent in the entire game.
 C = Inter-level travel turns spent in this place as a percentage of turns spent in this place.
 D = Turns resting spent in this place as a percentage of non-inter-level travel turns spent in this place.
 E = Turns spent auto-exploring this place as a percentage of non-inter-level travel turns spent in this place.
 F = Non-inter-level travel turns spent in this place divided by the number of levels of this place that you've seen.
                   A       B       C       D       E      F
               +-------+-------+-------+-------+-------+----------------------
         Total | 100.0 | 100.0 |   0.5 |   0.8 |   4.5 | 552.4
       Dungeon |  53.1 |  53.0 |   0.6 |   0.4 |   5.2 | 644.1
          Lair |  25.7 |  25.7 |   0.4 |   0.4 |   5.0 | 585.6
   Spider Nest |   4.2 |   4.3 |   0.3 |   1.9 |   0.9 | 193.8
  Orcish Mines |  10.1 |  10.1 |   0.2 |   1.0 |   3.1 | 924.5
         Abyss |   5.4 |   5.5 |   0.0 |   5.3 |   1.2 | 498.0
         Sewer |   0.8 |   0.8 |   0.0 |   0.0 |  10.2 | 147.0
       Volcano |   0.6 |   0.6 |   0.0 |   0.0 |   0.9 | 114.0
               +-------+-------+-------+-------+-------+----------------------

Table legend:
 A = Kills in this place as a percentage of kills in entire the game.
 B = Kills by you in this place as a percentage of kills by you in the entire game.
 C = Kills by friends in this place as a percentage of kills by friends in the entire game.
 D = Other kills in this place as a percentage of other kills in the entire game.
 E = Experience gained in this place as a percentage of experience gained in the entire game.
 F = Experience gained in this place divided by the number of levels of this place that you have seen.
                   A       B       C       D       E      F
               +-------+-------+-------+-------+-------+----------------------
         Total | 100.0 | 100.0 | 100.0 | 100.0 | 100.0 | 3172.4
       Dungeon |  51.2 |  84.3 |  48.4 |  50.0 |  41.4 | 2892.9
          Lair |  27.1 |   3.4 |  29.2 |   0.0 |  36.4 | 4760.8
   Spider Nest |   3.7 |   1.1 |   3.9 |   0.0 |   7.4 | 1949.5
  Orcish Mines |  14.6 |   5.6 |  15.3 |  50.0 |  11.6 | 6047.5
         Abyss |   2.0 |   0.0 |   2.2 |   0.0 |   3.0 | 1546.5
         Sewer |   1.3 |   5.6 |   1.0 |   0.0 |   0.0 |  24.0
       Volcano |   0.1 |   0.0 |   0.1 |   0.0 |   0.2 | 199.0
               +-------+-------+-------+-------+-------+----------------------
